 Dungeon Crawl Stone Soup version 0.25-a0-875-geaba134f46 (webtiles) character file.

Game seed: 7820773891259802449, levelgen mode: classic

114 EnegeticOcto the Shield-Bearer (level 4, -1/33 HPs)
             Began as an Octopode Fighter on May 1, 2020.
             Slain by a hungry ghost (4 damage)
             ... on level 3 of the Dungeon.
             The game lasted 00:01:15 (2091 turns).

EnegeticOcto the Shield-Bearer (Octopode Fighter)   Turns: 2091, Time: 00:01:16

Health: -1/33      AC:  1    Str: 16    XL:     4   Next: 98%
Magic:  4/4        EV: 16    Int: 10    God:
Gold:   176        SH: 10    Dex: 11    Spells: 3/3 levels left

rFire    . . .     SeeInvis .   a - +1 long sword
rCold    + . .     Gourm    .   b - +1 kite shield
rNeg     . . .     Faith    .   (helmet restricted)
rPois    .         Spirit   .   (no amulet)
rElec    .         Reflect  .   m - ring of protection from cold
rCorr    .         Harm     .   h - +5 ring of evasion
MR       .....                  c - ring of stealth
Stlth    +++.......             (no ring)
HPRegen  0.11/turn              (no ring)
MPRegen  0.09/turn              (no ring)
                                (no ring)
                                (no ring)

@: no status effects
A: almost no armour, stealthy swim, amphibious, 8 rings, constrict 8, camouflage
1, gelatinous body 1
a: no special abilities


You were on level 3 of the Dungeon.
You were near starving.

You visited 1 branch of the dungeon, and saw 3 of its levels.

You collected 176 gold pieces.

Inventory:

Hand Weapons
 a - a +1 long sword (weapon)
Armour
 b - a +1 kite shield (worn)
Jewellery
 c - a ring of stealth (on tentacle)
 h - a +5 ring of evasion (right tentacle)
 m - a ring of protection from cold (left tentacle)
Scrolls
 d - a scroll of identify {@r1}
 f - a scroll of teleportation {@r2}
 j - 2 scrolls of enchant armour
Potions
 g - a potion of flight
 k - a potion of might {@q3}
 l - a potion of lignification {unknown}
 n - 4 potions of haste {@q4}
 o - 2 potions of curing {@q1}
 p - a potion of magic
Comestibles
 e - 7 rations
 i - 2 chunks of flesh


   Skills:
 + Level 3.7 Fighting
 * Level 3.7 Long Blades
 - Level 3.0 Dodging
 + Level 3.7 Shields


You had 3 spell levels left.
You didn't know any spells.
Your spell library was empty.

Dungeon Overview and Level Annotations

Branches:
Dungeon (3/15)

Altars:


Innate Abilities, Weirdness & Mutations

You cannot wear most types of armour.
You are very stealthy in the water. (Stealth+)
You are amphibious.
You can wear up to eight rings at the same time.
You can use your tentacles to constrict eight enemies at once.
Your skin changes colour to match your surroundings (Stealth+).
Your rubbery body absorbs attacks. (AC +1, EV +1)


Message History

You miss the hungry ghost. Your squeeze misses the hungry ghost.
You block the hungry ghost's attack.
You hit the hungry ghost.
The hungry ghost is lightly damaged.
The hungry ghost hits you.
You are feeling very hungry.
You slash the hungry ghost!
The hungry ghost is moderately damaged.
The hungry ghost closely misses you.
You riposte.
You miss the hungry ghost.
The hungry ghost is moderately damaged.
You block the hungry ghost's attack.
You slash the hungry ghost!
The hungry ghost is heavily damaged.
The hungry ghost closely misses you.
You closely miss the hungry ghost.
The hungry ghost is heavily damaged.
The hungry ghost misses you.
You hit the hungry ghost.
The hungry ghost is heavily damaged.
The hungry ghost hits you.
You are near starving!
You miss the hungry ghost. Your squeeze misses the hungry ghost.
The hungry ghost is heavily damaged.
The hungry ghost hits you.
You feel quite a bit more hungry. The hungry ghost hits you.
You are starving!
You are too hungry to fight recklessly!
You are too hungry to fight recklessly!
Eat one of 6 chunks of flesh? (ye/n/q)
You eat one of the 6 chunks of flesh.
This raw flesh tastes terrible.
You are feeling very hungry.
The hungry ghost barely misses you.
You closely miss the hungry ghost. Your squeeze misses the hungry ghost.
The hungry ghost is heavily damaged.
The hungry ghost barely misses you.
You hit the hungry ghost but do no damage.
The hungry ghost is heavily damaged.
The hungry ghost hits you.
You are near starving!
You miss the hungry ghost. Your squeeze misses the hungry ghost.
The hungry ghost is heavily damaged.
The hungry ghost barely misses you. The hungry ghost hits you.
You feel somewhat more hungry.
You are too injured to fight recklessly!
You are too injured to fight recklessly!
You are too injured to fight recklessly!
You are too injured to fight recklessly!
Eat one of 5 chunks of flesh? (ye/n/q)
You eat one of the 5 chunks of flesh.
This raw flesh tastes terrible.
You are feeling hungry.
The hungry ghost misses you.
You riposte.
You barely miss the hungry ghost. You squeeze the hungry ghost!
The hungry ghost is severely damaged.
You are too injured to fight recklessly!
You are too injured to fight recklessly!
You are too injured to fight recklessly!
You are too injured to fight recklessly!
You are too injured to fight recklessly!
You are too injured to fight recklessly!
You are too injured to fight recklessly!
You are too injured to fight recklessly!
You are too injured to fight recklessly!
You are too injured to fight recklessly!
You are too injured to fight recklessly!
You are too injured to fight recklessly!
You hit the hungry ghost. Your squeeze misses the hungry ghost.
The hungry ghost is almost destroyed.
The hungry ghost hits you.
You are feeling very hungry.
You closely miss the hungry ghost.
The hungry ghost is almost destroyed.
You block the hungry ghost's attack.
Eat one of 4 chunks of flesh? (ye/n/q)
You eat one of the 4 chunks of flesh.
This raw flesh tastes terrible.
You are feeling hungry.
The hungry ghost hits you.
You are feeling very hungry.
Your shield prevents you from hitting the hungry ghost.
The hungry ghost is almost destroyed.
You block the hungry ghost's attack.
Your shield prevents you from hitting the hungry ghost.
The hungry ghost is severely damaged.
You block the hungry ghost's attack. The hungry ghost hits you.
* * * LOW HITPOINT WARNING * * *
You are near starving!
Eat one of 3 chunks of flesh? (ye/n/q)
You eat one of the 3 chunks of flesh.
This raw flesh tastes terrible.
You are feeling hungry.
The hungry ghost hits you.
* * * LOW HITPOINT WARNING * * *
You are feeling very hungry.
You hit the hungry ghost. Your squeeze misses the hungry ghost.
The hungry ghost is almost destroyed.
The hungry ghost hits you.
* * * LOW HITPOINT WARNING * * *
You are near starving!
You barely miss the hungry ghost.
The hungry ghost is almost destroyed.
The hungry ghost hits you.
You die...

.# # .# .# .##.#
#########....# #...
.......## ##.##
#.......##
##...####..)......
#.........@W....#
.######....##........##
........#.###.###...##
.....####.# #.# ####
####.# #.# #.# #.# #.#
#.# #.# #.# #.#
#.####.# #.# #.##...#
#.#


You could see a hungry ghost.

Vanquished Creatures
  A scorpion (D:3)
  An adder (D:2)
  A shadow imp (D:3)
  A worm (D:3)
  A dart slug (D:2)
  A leopard gecko (D:3)
  An orc (D:3)
  3 ball pythons (D:3)
  3 giant cockroaches
  5 hobgoblins
  2 jackals (D:1)
  4 bats
  6 goblins
  4 kobolds (D:1)
  4 rats
38 creatures vanquished.

Notes
Turn   | Place    | Note
-------+----------+-------------------------------------------
     0 | D:1      | EnegeticOcto the Octopode Fighter began the quest for the
                  | Orb.
     0 | D:1      | Reached XP level 1. HP: 16/16 MP: 1/1
   406 | D:1      | Reached XP level 2. HP: 21/21 MP: 2/2
  1142 | D:2      | Reached XP level 3. HP: 26/26 MP: 3/3
  1866 | D:3      | Noticed a scorpion
  1875 | D:3      | Killed a scorpion
  1875 | D:3      | Reached XP level 4. HP: 23/33 MP: 4/4
  2067 | D:3      | Noticed a hungry ghost
  2091 | D:3      | Slain by a hungry ghost

Levels and vault maps discovered:
D:1:      lemuel_arrival_lava_pool, layout_basic, palyth_stone_intersect
D:2:      kennysheep_big_flooded_room, layout_loops_corners, first_ration,
          kennysheep_nub
D:3:      layout_loops_ring

Skill      XL: |  1  2  3 |
---------------+----------+-----
Long Blades    | 3 |  3.7
Fighting       | |  3.7
Dodging        | |  3.0
Shields        | |  3.7

Action                   |  1- 3 |  4- 6 || total
-------------------------+-------+-------++-------
Melee: Long sword        |    53 |    26 ||    79
       Constrict         |    14 |     2 ||    16
       Tentacles         |     5 |     3 ||     8
  Use: Scroll            |     9 |       ||     9
 Stab: Sleeping          |    10 |     2 ||    12
  Eat: Chunk             |     3 |     5 ||     8
Armor: Skin              |     3 |     3 ||     6
Dodge: Dodged            |    23 |     7 ||    30
Block: Kite shield       |    20 |     6 ||    26
       Rpst.: Long sword |     8 |     2 ||    10

Table legend:
 A = Non-vault XP
 B = Vault XP
 C = Vault XP percentage of total XP
 D = Non-vault monster count
 E = Vault monster count
 F = Vault count percentage of total count
                 A         B        C        D         E       F
            +---------+---------+-------+---------+---------+-------
      Total |     160 |       4 |   2.4 |      36 |       2 |   5.3
            +---------+---------+-------+---------+---------+-------
        D:1 |      24 |       0 |   0.0 |      15 |       0 |   0.0
        D:2 |      24 |       4 |  14.3 |       6 |       2 |  25.0
        D:3 |     112 |       0 |   0.0 |      15 |       0 |   0.0
            +---------+---------+-------+---------+---------+-------
